AoeStats
← :) Onta Roncha Moras

QS Arena

503289253Analyzed
4v4 RM · 1mo ago on Aug 31, 2026· 55m 14s· 8 players
Game mode
Random Map
Map size
Large (8 player)
Population
200
Speed
Normal
Resources
Standard
Victory
Conquest
Starting age
Dark Age
Ending age
Imperial Age
RankedLock teamsTeams togetherTeam positionsShared explorationLock speedFull tech treeHidden civsTurbo modeCheats
Victory
Defeat
🇪🇸 Burmese · Spain
1516
+12
🇪🇨 Lithuanians · Ecuador
1482
+13
🇩🇪 Hindustanis · Germany
1467
+14
🇺🇸 Koreans · United States
1445
+15
🇲🇽 Muisca · Mexico
1493
-17
🇲🇽 Romans · Mexico
1475
-16
🇲🇽 Italians · Mexico
1364
-11
🇲🇽 Mapuche · Mexico
1359
-11
Grumpy_Beto
8:31 Feudal Age
9:34 Loom
12:22 Castle Age
10:29 Double-Bit Axe
10:39 Horse Collar
13:26 Fletching
16:30 Town Watch
45:24 Wheelbarrow
48:25 Elite Skirmisher
49:25 Bow Saw
51:41 Wheelbarrow
53:46 Bodkin Arrow
54:28 Thumb Ring
53:44 Crossbowman
54:41 Caravan
M*rpheu$
8:29 Feudal Age
12:33 Castle Age
10:55 Horse Collar
11:03 Double-Bit Axe
15:46 Heavy Plow
16:00 Bow Saw
16:48 Wheelbarrow
17:43 Gold Mining
24:13 Scale Barding Armor
24:18 Forging
24:35 Bloodlines
24:25 Husbandry
27:29 Imperial Age
24:35 Light Cavalry
26:42 Chain Barding Armor
27:23 Iron Casting
27:15 Town Watch
27:45 Hand Cart
28:50 Plate Barding Armor
27:36 Heavy Camel Rider
29:08 Conscription
31:44 Blast Furnace
30:41 Imperial Camel Rider
31:43 Town Patrol
31:28 Loom
32:59 Murder Holes
32:54 Hussar
Glaki
9:07 Feudal Age
12:59 Castle Age
10:50 Horse Collar
14:23 Heavy Plow
17:08 Loom
20:49 Light Cavalry
21:40 Bloodlines
24:20 Forging
24:35 Scale Barding Armor
26:00 Devotion
26:27 Chain Barding Armor
27:30 Iron Casting
28:36 Wheelbarrow
27:46 Town Watch
31:21 Imperial Age
30:14 Husbandry
30:40 Hand Cart
31:27 Manipur Cavalry
31:37 Scale Mail Armor
32:27 Conscription
32:06 Gold Mining
32:07 Stone Mining
31:52 Hussar
33:11 Plate Barding Armor
34:01 Chemistry
34:00 Onager
36:10 Blast Furnace
36:31 Gold Shaft Mining
39:31 Fletching
39:05 Man-at-Arms
39:31 Gambesons
39:46 Squires
39:32 Arson
40:25 Long Swordsman
41:22 Chain Mail Armor
42:33 Plate Mail Armor
41:59 Bodkin Arrow
42:26 Ballistics
42:18 Masonry
41:48 Two-Handed Swordsman
42:05 Pikeman
43:51 Coinage
43:32 Guilds
43:23 Caravan
43:11 Champion
43:12 Halberdier
50:16 Fortified Wall
50:12 Siege Engineers
50:37 Architecture
49:48 Treadmill Crane
50:03 Murder Holes
FreddyEcuado
6:22 Loom
8:38 Feudal Age
6:55 Loom
12:46 Castle Age
10:49 Double-Bit Axe
11:29 Horse Collar
13:36 Husbandry
13:53 Scale Barding Armor
14:37 Bow Saw
18:35 Fletching
18:46 Elite Skirmisher
19:45 Bodkin Arrow
20:24 Padded Archer Armor
21:41 Ballistics
23:55 Stone Mining
25:12 Wheelbarrow
26:48 Thumb Ring
30:24 Imperial Age
28:51 Leather Archer Armor
29:26 Thumb Ring
31:47 Ring Archer Armor
31:19 Tower Shields
32:49 Chemistry
32:44 Bracer
35:53 Conscription
48:54 Masonry
49:08 Hand Cart
50:20 Two-Man Saw
52:26 Town Watch
:) YO30830
7:59 Feudal Age
8:28 Double-Bit Axe
13:32 Castle Age
11:23 Horse Collar
11:41 Gold Mining
12:43 Fletching
13:52 Wheelbarrow
16:08 Bodkin Arrow
20:39 Loom
23:09 Padded Archer Armor
22:48 Elite Skirmisher
22:55 Elite Skirmisher
24:18 Leather Archer Armor
25:29 Malon
31:11 Imperial Age
29:03 Town Watch
31:45 Elite Bolas Rider
33:34 Chemistry
33:57 Ballistics
35:16 Ring Archer Armor
36:03 Pikeman
36:30 Arson
37:32 Butalmapu
37:49 Conscription
37:55 Halberdier
40:11 Scale Mail Armor
:) Onta Roncha Moras
8:09 Feudal Age
12:33 Castle Age
12:18 Double-Bit Axe
13:39 Town Watch
15:11 Sanctity
15:09 Bow Saw
16:22 Redemption
20:23 Fervor
26:27 Scale Mail Armor
26:26 Horse Collar
28:05 Chain Mail Armor
27:48 Loom
30:49 Wheelbarrow
30:45 Forging
33:18 Imperial Age
30:48 Gold Mining
30:53 Stone Mining
31:46 Hand Cart
33:32 Masonry
34:35 Block Printing
34:49 Illumination
35:04 Theocracy
35:09 Elite Temple Guard
36:31 Plate Mail Armor
38:28 Iron Casting
39:34 Fletching
42:01 Bodkin Arrow
44:32 Chemistry
43:52 Ballistics
44:02 Treadmill Crane
45:38 Conscription
45:19 Padded Archer Armor
46:29 Squires
47:55 Hoardings
47:19 Murder Holes
47:25 Bracer
48:11 Gold Shaft Mining
48:37 Two-Man Saw
47:38 Heavy Plow
48:40 Leather Archer Armor
47:47 Elite Guecha Warrior
:) Tu tu ruuuu
9:34 Feudal Age
10:27 Double-Bit Axe
13:11 Castle Age
11:24 Horse Collar
11:39 Stone Mining
11:42 Fletching
13:35 Gold Mining
14:51 Loom
15:24 Bodkin Arrow
18:15 Bow Saw
19:22 Wheelbarrow
21:00 Ballistics
22:07 Heavy Plow
24:23 Scale Barding Armor
25:31 Chain Barding Armor
26:22 Bloodlines
26:13 Husbandry
26:44 Fervor
27:57 Padded Archer Armor
29:42 Forging
30:51 Hand Cart
31:31 Sanctity
36:03 Imperial Age
33:06 Light Cavalry
34:55 Iron Casting
36:56 Bracer
37:59 Chemistry
38:47 Murder Holes
39:09 Leather Archer Armor
40:25 Scale Mail Armor
39:48 Pikeman
42:00 Squires
45:23 Masonry
45:24 Fortified Wall
45:52 Chain Mail Armor
50:03 Plate Mail Armor
:) Regresa rocha moya
7:57 Feudal Age
11:41 Castle Age
9:29 Loom
9:55 Double-Bit Axe
11:43 Wheelbarrow
12:47 Bow Saw
21:42 Ballistics
29:32 Hand Cart
37:12 Scale Mail Armor
37:23 Forging
37:30 Pikeman
38:10 Squires
38:27 Chain Mail Armor
43:38 Imperial Age
41:52 Iron Casting
41:45 Horse Collar
45:22 Blast Furnace
43:45 Capped Ram
43:57 Halberdier
45:30 Siege Engineers
46:07 Siege Ram
53:41 Stone Mining
53:41 Gold Mining
Connection lost

Rejoining the realm…

Still unreachable

The connection could not be restored.

Session expired

The server has moved on; the page needs a fresh start.